 Dungeon Crawl Stone Soup version 0.31-a0-354-g827e0957a7 (webtiles) character file.

Game seed: 1779760926801332297

138 Bnni the Changeling (level 5, -6/35 HPs)
             Began as an Octopode Shapeshifter on July 24, 2023.
             Splashed by a jelly's acid (9 damage)
             ... on level 3 of the Dungeon.
             The game lasted 00:02:22 (2336 turns).

Bnni the Changeling (Octopode Shapeshifter)         Turns: 2336, Time: 00:02:24

Health: -6/35      AC: -3    Str: 15    XL:     5   Next: 21%
Magic:  5/5        EV: 13    Int: 10    God:
Gold:   118        SH:  0    Dex: 14    Spells: 4/4 levels left

rFire   . . .        a - +1 dagger (venom)
rCold   . . .        (no shield)
rNeg    . . .        (helmet currently unavailable)
rPois   .            (no amulet)
rElec   .            (no ring)
rCorr   .            (no ring)
SInv    .            (no ring)
Will    .....        (no ring)
Stlth   ++           (no ring)
HPRegen 0.25/turn    (no ring)
MPRegen 0.09/turn    (no ring)
                     (no ring)

%: no passive effects
@: beast-form, corroded
A: beast (slay +2), almost no armour, amphibious, 8 rings, camouflage 1,
gelatinous body 1, (nimble swimmer 1), tentacles
a: Begin Untransformation


You were on level 3 of the Dungeon.
You were a hulking beast.
You visited 1 branch of the dungeon, and saw 3 of its levels.

You collected 118 gold pieces.

Inventory:

Hand Weapons
 a - a +1 dagger of venom (weapon)
Missiles
 h - 2 throwing nets
Jewellery
 l - a ring of protection from fire
Talismans
 b - a beast talisman
 k - a blade talisman
Scrolls
 d - a scroll of poison {unknown}
 f - 2 scrolls of noise {unknown}
 g - 4 scrolls of identify {unknown}
 j - a scroll of fear {unknown}
Potions
 c - 2 potions of attraction
 e - a potion of might {unknown}
 i - a potion of heal wounds {unknown}
 m - 3 potions of magic {unknown}


   Skills:
 + Level 2.5 Fighting
 - Level 2.0 Dodging
 + Level 3.8 Unarmed Combat
 * Level 4.1 Shapeshifting


You had 4 spell levels left.
You didn't know any spells.
Your spell library contained the following spells:

 Spells                   Type           Power      Damage    Failure   Level
 Scorch                   Fire           0%         2d5       50%         2
 Static Discharge         Conj/Air       0%         2-2/arc   50%         2
 Airstrike                Air            0%         2d(0-16)  98%         4
 Flame Wave               Conj/Fire      0%         2d4       98%         4
 Summon Lightning Spire   Summ/Air       0%         N/A       98%         4
 Summon Cactus Giant      Summ           0%         N/A       100%        6


Dungeon Overview and Level Annotations

Branches:
Dungeon (3/15)

Altars:
Okawaru


Innate Abilities, Weirdness & Mutations

You are a hulking beast.
Your limbs bulge with bestial killing power. (Slay +2)
You cannot wear most types of armour.
You are amphibious.
You can wear up to eight rings at the same time.
Your skin changes colour to match your surroundings (Stealth+).
Your rubbery body absorbs attacks. (AC +1, EV +1)
((You are camouflaged when in or above water. (Stealth+)))
You have tentacles for arms and can constrict up to eight enemies at once.


Message History

You hit the giant cockroach.
You kill the giant cockroach!
No target in view!
h - 2 throwing nets
There is an open door here.
There is an open door here.
Found a long sword.
Found an escape hatch in the ceiling.
Found 8 stones.
Found a stone staircase leading down.
Found a stone.
No target in view!
A jelly comes into view.
A jelly is nearby!
Found a stone staircase leading up.
Found a twisted hand axe.
Found an escape hatch in the floor.
The jelly quivers.
You hit the jelly.
Your tentacles burn!
The jelly is lightly wounded.
The jelly hits you.
You are splashed with acid!
You puncture the jelly!
Your tentacles burn!
The jelly is severely wounded.
The jelly closely misses you.
You hit the jelly.
Your tentacles burn!
The jelly is severely wounded.
The jelly hits you.
You are splashed with acid!
You are too injured to fight recklessly!
You are too injured to fight recklessly!
You hit the jelly.
Your tentacles burn!
* * * LOW HITPOINT WARNING * * *
Your squeeze misses the jelly.
The jelly is almost dead.
The jelly closely misses you.
You hit the jelly.
Your tentacles burn!
* * * LOW HITPOINT WARNING * * *
The jelly is almost dead.
The jelly hits you.
* * * LOW HITPOINT WARNING * * *
The acid corrodes you!
You are splashed with acid!
You die...

#.# ..### #######.#..
......).... ......#.#
.# #....#.# ### .#
...#.!..#.# ... #.#####
#....Jh#.###.##......#
###..................#
......#.#.###.#..<....#
###......>...(.........
#...#.#.......#.#####
#....<#.#.#.#.#.#...
>....#.#.....#.#.#.#
##.#.#.#.#...#.....#
..# #.....#.#.#...####


You could see a jelly.

Vanquished Creatures
  An orc wizard (D:3)
  A sleepcap (D:3)
  3 adders
  A worm (D:2)
  A dart slug (D:2)
  5 orcs (D:3)
  8 ball pythons
  3 endoplasms (D:1)
  6 giant cockroaches
  2 goblins (D:1)
  4 hobgoblins
  2 quokkas
  4 bats
  4 frilled lizards (D:1)
  2 kobolds
  5 rats
52 creatures vanquished.

Notes
Turn   | Place    | Note
-------+----------+-------------------------------------------
     0 | D:1      | Bnni the Octopode Shapeshifter began the quest for the Orb.
     0 | D:1      | Reached XP level 1. HP: 13/13 MP: 1/1
    76 | D:1      | Reached XP level 2. HP: 18/18 MP: 2/2
   537 | D:1      | Found a faded altar of an unknown god.
   870 | D:1      | Reached XP level 3. HP: 23/23 MP: 3/3
   951 | D:2      | Found an iron altar of Okawaru.
  1879 | D:3      | Reached XP level 4. HP: 27/29 MP: 4/4
  1924 | D:3      | Reached skill level 4 in Shapeshifting
  1928 | D:3      | Reached XP level 5. HP: 9/35 MP: 5/5
  2336 | D:3      | Splashed by a jelly's acid

Illustrated notes

Levels and vault maps discovered:
D:1:      dpeg_arrival_simpleton_a, layout_basic,
          shapermc_ecumenical_altar_mp_highgroup
D:2:      layout_basic, basic_altar, corexii_hall_statues_x, chequers_jeans,
          chequers_serial_rivers_micro_c
D:3:      layout_basic

Skill      XL: |  1  2  3  4 |
---------------+-------------+-----
Fighting       | 2 |  2.5
Shapeshifting  | 4 |  4.1
Dodging        | |  2.0
Unarmed Combat | |  3.8

Action                     |  1- 3 |  4- 6 || total
---------------------------+-------+-------++-------
  Melee: Unarmed           |    70 |    23 ||    93
         Constrict         |    18 |     7 ||    25
         Tentacles         |    17 |     5 ||    22
         Punch             |     2 |       ||     2
         Dagger            |       |    14 ||    14
    Use: Potion            |       |     5 ||     5
   Stab: Sleeping          |     5 |     3 ||     8
 Armour: Skin              |     4 |     8 ||    12
  Dodge: Dodged            |    66 |    16 ||    82

Table legend: (Time is in decaauts)
 A = Elapsed time spent in this place.
 B = Non-inter-level travel time spent in this place.
 C = Inter-level travel time spent in this place.
 D = Time resting spent in this place.
 E = Time spent auto-exploring this place.
 F = Levels seen in this place.
 G = Mean time per level.
                   A        B        C        D        E       F      G
               +--------+--------+--------+--------+--------+-----+--------+
         Total |   2329 |   2270 |     59 |      0 |   1918 |   3 |  776.3 |
       Dungeon |   2329 |   2270 |     59 |      0 |   1918 |   3 |  776.3 |
               +--------+--------+--------+--------+--------+-----+--------+

Top non-repeatable levels by time:
     D:1: 948 daAuts
     D:2: 913 daAuts
     D:3: 467 daAuts
